3AA
CASPER GHOSTS @ GLENDALE HERONS
05/28/2027
 
TOP OF THE 1ST
Casper Ghosts batting - Pitching for Glendale Herons : RHP Mike Barrett
Pitching: RHP Mike Barrett
Batting: RHB Warner Robinson 0-0: Ball
1-0: Called Strike
1-1: Foul Ball, location: 2F
1-2: Ball
2-2: Ball
3-2: DOUBLE (Line Drive, 9LS)
Batting: RHB Todd Sentell 0-0: Ball
1-0: Called Strike
1-1: SINGLE (Groundball, 34D)
Warner Robinson to third
Runner from 3rd tries for Home, SAFE, no throw
Batting: LHB José Valéncia 0-0: Called Strike
0-1: SINGLE (Groundball, 4MD)
Todd Sentell to second
Runner from 2nd tries for 3rd, SAFE, throw made to third
Batting: RHB Manny Maltby 0-0: Ball
1-0: Ball
2-0: Ball
3-0: Called Strike
3-1: Foul Ball, location: 2F
3-2: SINGLE (Groundball, 6MD)
Todd Sentell scores
José Valéncia to second
José Valéncia to third
Batting: SHB José Juárez 0-0: 3-RUN HOME RUN (Flyball, 9D), Distance : 377 ft
Batting: RHB Félix Ramos 0-0: SINGLE (Line Drive, 56)
Batting: RHB Roberto De La Cruz 0-0: Ball
1-0: SINGLE (Line Drive, 8RS)
Félix Ramos to second
Félix Ramos to third
Batting: RHB Henry Appleby 0-0: Ball
1-0: Called Strike
1-1: Ball
2-1: Called Strike
2-2: Ball
3-2: Foul Ball, location: 2F
3-2: Base on Balls
Roberto De La Cruz to second
Batting: RHB Ron Coffman 0-0: Called Strike
0-1: Ball
1-1: Foul Ball, location: 2F
1-2: Ball
2-2: Ball
3-2: Base on Balls
Félix Ramos scores
Roberto De La Cruz to third
Henry Appleby to second
Batting: RHB Warner Robinson 0-0: Ball
1-0: Called Strike
1-1: Swinging Strike
1-2: Ball
2-2: Foul Ball, location: 2F
2-2: Strikes out swinging
Batting: RHB Todd Sentell 0-0: Ball
1-0: Foul Ball, location: 2F
1-1: Ball
2-1: SINGLE (Line Drive, 6MD)
Roberto De La Cruz scores
Henry Appleby to third
Ron Coffman to second
Batting: LHB José Valéncia 0-0: Called Strike
0-1: Called Strike
0-2: Foul Ball, location: 2F
0-2: Foul Ball, location: 2F
0-2: Foul Ball, location: 2F
0-2: Foul Ball, location: 2F
0-2: Ball
1-2: Ball
2-2: Foul Ball, location: 2F
2-2: Ball
3-2: Fielders Choice at 2nd, 4-6 (Groundball, 4)
Henry Appleby scores
Ron Coffman to third
Pitching: RHP António Navarro
Batting: RHB Manny Maltby 0-0: SINGLE (Groundball, 34D)
Ron Coffman scores
José Valéncia to second
Runner from 2nd tries for 3rd, SAFE, no throw
Batting: SHB José Juárez 0-0: SINGLE (Groundball, 56D)
José Valéncia scores
Manny Maltby to second
Batting: RHB Félix Ramos 0-0: Swinging Strike
0-1: Ball
1-1: Foul Ball, location: 2F
1-2: Foul Ball, location: 2F
1-2: Ball
2-2: Foul Ball, location: 2F
2-2: Strikes out swinging
Top of the 1st over - 10 run(s), 10 hit(s), 0 error(s), 2 left on base; Casper 10 - Glendale 0
BOTTOM OF THE 1ST
Glendale Herons batting - Pitching for Casper Ghosts : RHP Earl Simmons
Pitching: RHP Earl Simmons
Batting: RHB James Pike 0-0: Ball
1-0: Fly out, F9 (Line Drive, 9)
Batting: SHB Glyn Bolasky 0-0: Called Strike
0-1: Ball
1-1: Ball
2-1: Ball
3-1: Base on Balls
Batting: RHB Ed St. James 0-0: Ball
1-0: Ball
2-0: 2-RUN HOME RUN (Line Drive, 7LD), Distance : 348 ft
Batting: SHB Jesús Herrera 0-0: Foul Ball, location: 2F
0-1: Swinging Strike
0-2: Foul Ball, location: 2F
0-2: Strikes out looking
Batting: RHB Arsenio Laurel 0-0: Called Strike
0-1: Ball
1-1: Foul Ball, location: 2F
1-2: Strikes out swinging
Bottom of the 1st over - 2 run(s), 1 hit(s), 0 error(s), 0 left on base; Casper 10 - Glendale 2
TOP OF THE 2ND
Casper Ghosts batting - Pitching for Glendale Herons : RHP António Navarro
Batting: RHB Roberto De La Cruz 0-0: Fly out, F9 (Flyball, 9S)
Batting: RHB Henry Appleby 0-0: Ball
1-0: Ball
2-0: Ball
3-0: Called Strike
3-1: Called Strike
3-2: SOLO HOME RUN (Flyball, 8LXD), Distance : 432 ft
Batting: RHB Ron Coffman 0-0: Fly out, F7 (Flyball, 7)
Batting: RHB Warner Robinson 0-0: Called Strike
0-1: Ball
1-1: Ball
2-1: Ground out 3-1 (Groundball, 34S)
Top of the 2nd over - 1 run(s), 1 hit(s), 0 error(s), 0 left on base; Casper 11 - Glendale 2
BOTTOM OF THE 2ND
Glendale Herons batting - Pitching for Casper Ghosts : RHP Earl Simmons
Batting: RHB Ramón Hernández 0-0: Ball
1-0: SINGLE (Groundball, 6) (infield hit)
Batting: RHB Christian Turner 0-0: Swinging Strike
0-1: Ball
1-1: TRIPLE (Line Drive, 8RD)
Ramón Hernández scores
Batting: SHB Raúl Duarte 0-0: Ball
1-0: Called Strike
1-1: Foul Ball, location: 2F
1-2: Foul Ball, location: 2F
1-2: Ball
2-2: Fly out, F8 (Flyball, 8RM)
Runner from 3rd tags up, SCORES, no throw
Batting: RHB Santiago Ramos 0-0: Ball
1-0: Called Strike
1-1: Fly out, F7 (Flyball, 7S)
Batting: RHB James Pike 0-0: Ball
1-0: Called Strike
1-1: Foul Ball, location: 2F
1-2: SINGLE (Line Drive, 56D)
Batting: SHB Glyn Bolasky 0-0: Foul Ball, location: 2F
0-1: Foul Ball, location: 2F
0-2: Ball
1-2: Ball
James Pike steals 2nd base
2-2: Ground out 3-1 (Groundball, 23)
Bottom of the 2nd over - 2 run(s), 3 hit(s), 0 error(s), 1 left on base; Casper 11 - Glendale 4
TOP OF THE 3RD
Casper Ghosts batting - Pitching for Glendale Herons : RHP António Navarro
Batting: RHB Todd Sentell 0-0: Ball
1-0: Ball
2-0: Called Strike
2-1: Fly out, F8 (Flyball, 8RS)
Batting: LHB José Valéncia 0-0: Foul Ball, location: 2F
0-1: Fly out, F7 (Flyball, 7S)
Batting: RHB Manny Maltby 0-0: Ball
1-0: SINGLE (Line Drive, 78S)
Batting: SHB José Juárez 0-0: Ball
Manny Maltby steals 2nd base
1-0: Ball
2-0: Ball
3-0: Base on Balls
Batting: RHB Félix Ramos 0-0: Foul Ball, location: 2F
0-1: Ball
1-1: Foul Ball, location: 2F
1-2: Ball
2-2: Foul Ball, location: 2F
2-2: Fielders Choice at 2nd, 4-6 (Groundball, 4)
Top of the 3rd over - 0 run(s), 1 hit(s), 0 error(s), 1 left on base; Casper 11 - Glendale 4
BOTTOM OF THE 3RD
Glendale Herons batting - Pitching for Casper Ghosts : RHP Earl Simmons
Batting: RHB Ed St. James 0-0: Foul Ball, location: 2F
0-1: SINGLE (Groundball, 6MD)
Batting: SHB Jesús Herrera 0-0: 2-RUN HOME RUN (Flyball, 9D), Distance : 393 ft
Batting: RHB Arsenio Laurel 0-0: Called Strike
0-1: Swinging Strike
0-2: Fly out, F8 (Flyball, 8RM)
Batting: RHB Ramón Hernández 0-0: Called Strike
0-1: Ball
1-1: Called Strike
1-2: Foul Ball, location: 2F
1-2: Ball
2-2: Strikes out swinging
Batting: RHB Christian Turner 0-0: Ball
1-0: Ball
2-0: Ground out 4-3 (Groundball, 34)
Bottom of the 3rd over - 2 run(s), 2 hit(s), 0 error(s), 0 left on base; Casper 11 - Glendale 6
TOP OF THE 4TH
Casper Ghosts batting - Pitching for Glendale Herons : RHP António Navarro
Batting: RHB Roberto De La Cruz 0-0: Called Strike
0-1: Swinging Strike
0-2: Foul Ball, location: 2F
0-2: SINGLE (Flyball, 8RS)
Batting: RHB Henry Appleby 0-0: Ball
1-0: Swinging Strike
1-1: Foul Ball, location: 2F
1-2: Strikes out looking
Batting: RHB Ron Coffman 0-0: Ball
1-0: Ball
2-0: Called Strike
2-1: Fly out, F8 (Flyball, 8LS)
Batting: RHB Warner Robinson 0-0: Swinging Strike
0-1: Ball
1-1: Ball
2-1: Ball
3-1: Ground out 5-3 (Groundball, 56S)
Top of the 4th over - 0 run(s), 1 hit(s), 0 error(s), 1 left on base; Casper 11 - Glendale 6
BOTTOM OF THE 4TH
Glendale Herons batting - Pitching for Casper Ghosts : RHP Earl Simmons
Batting: SHB Raúl Duarte 0-0: Foul Ball, location: 2F
0-1: Ball
1-1: Ball
2-1: Called Strike
2-2: Strikes out swinging wild pitch, reaches first!
Batting: RHB Santiago Ramos 0-0: Swinging Strike
0-1: Ball
1-1: Foul Ball, location: 2F
1-2: Fly out, F8 (Flyball, 8RM)
Batting: RHB James Pike 0-0: Ball
1-0: Foul Ball, location: 2F
1-1: SINGLE (Line Drive, 78S)
Raúl Duarte to second
Batting: SHB Glyn Bolasky 0-0: Called Strike
0-1: Fly out, F7 (Flyball, 7S)
Batting: RHB Ed St. James 0-0: Ball
1-0: SINGLE (Flyball, 89S)
Raúl Duarte to third
James Pike to second
Runner from 3rd tries for Home, SAFE, no throw
Batting: SHB Jesús Herrera 0-0: Foul Ball, location: 2F
0-1: Foul Ball, location: 2F
0-2: Foul Ball, location: 2F
0-2: Ball
1-2: Strikes out swinging
Bottom of the 4th over - 1 run(s), 2 hit(s), 0 error(s), 2 left on base; Casper 11 - Glendale 7
TOP OF THE 5TH
Casper Ghosts batting - Pitching for Glendale Herons : RHP António Navarro
Pitching: RHP David Davis
Batting: RHB Todd Sentell 0-0: Ball
1-0: Ball
2-0: Ball
3-0: Called Strike
3-1: Base on Balls
Batting: LHB José Valéncia 0-0: Ball
1-0: Ball
2-0: Called Strike
2-1: Fielders Choice at 2nd, 6-4 (Groundball, 6M)
Batting: RHB Manny Maltby 0-0: Ball
1-0: Ball
2-0: Ball
3-0: Called Strike
3-1: Swinging Strike
3-2: SINGLE (Groundball, 34D)
José Valéncia to second
Runner from 2nd tries for 3rd, SAFE, no throw
Batting: SHB José Juárez 0-0: Called Strike
0-1: Ball
1-1: Fly out, F8 (Flyball, 89D)
Runner from 3rd tags up, SCORES, no throw
Batting: RHB Félix Ramos 0-0: Foul Ball, location: 2F
0-1: Fielders Choice at 2nd, 6-4 (Groundball, 6)
Top of the 5th over - 1 run(s), 1 hit(s), 0 error(s), 0 left on base; Casper 12 - Glendale 7
BOTTOM OF THE 5TH
Glendale Herons batting - Pitching for Casper Ghosts : RHP Earl Simmons
Pitching: RHP Júlio Vázquez
Batting: RHB Arsenio Laurel 0-0: Ball
1-0: Fly out, F3 (Flyball, 3D)
Batting: RHB Ramón Hernández 0-0: Ball
1-0: Swinging Strike
1-1: Ground out 3-1 (Groundball, 34S)
Batting: RHB Christian Turner 0-0: Ball
1-0: Ball
2-0: Ball
3-0: Base on Balls
Batting: SHB Raúl Duarte 0-0: Called Strike
Christian Turner is caught stealing 2nd base
Bottom of the 5th over - 0 run(s), 0 hit(s), 0 error(s), 0 left on base; Casper 12 - Glendale 7
TOP OF THE 6TH
Casper Ghosts batting - Pitching for Glendale Herons : RHP David Davis
Batting: RHB Roberto De La Cruz 0-0: Called Strike
0-1: Foul Ball, location: 2F
0-2: Foul Ball, location: 2F
0-2: Ground out 6-3 (Groundball, 6)
Batting: RHB Henry Appleby 0-0: Swinging Strike
0-1: Ground out 6-3 (Groundball, 6)
Batting: RHB Ron Coffman 0-0: Swinging Strike
0-1: Called Strike
0-2: Ball
1-2: Ball
2-2: Strikes out looking
Top of the 6th over - 0 run(s), 0 hit(s), 0 error(s), 0 left on base; Casper 12 - Glendale 7
BOTTOM OF THE 6TH
Glendale Herons batting - Pitching for Casper Ghosts : RHP Júlio Vázquez
Batting: SHB Raúl Duarte 0-0: Foul Ball, location: 2F
0-1: Ball
1-1: Foul Ball, location: 2F
1-2: Ball
2-2: Strikes out looking
Batting: RHB Santiago Ramos 0-0: Ball
1-0: Ball
2-0: Called Strike
2-1: Foul Ball, location: 2F
2-2: Strikes out swinging
Batting: RHB James Pike 0-0: Called Strike
0-1: Called Strike
0-2: Ball
1-2: Fly out, F9 (Flyball, 9)
Bottom of the 6th over - 0 run(s), 0 hit(s), 0 error(s), 0 left on base; Casper 12 - Glendale 7
TOP OF THE 7TH
Casper Ghosts batting - Pitching for Glendale Herons : RHP David Davis
Batting: RHB Warner Robinson 0-0: SINGLE (Groundball, 25) (infield hit)
Batting: RHB Todd Sentell 0-0: Called Strike
0-1: Foul Ball, location: 2F
0-2: SINGLE (Line Drive, 89M)
Warner Robinson to second
Batting: LHB José Valéncia 0-0: Ball
1-0: SINGLE (Groundball, 4S) (infield hit)
Warner Robinson to third
Todd Sentell to second
Batting: RHB Manny Maltby 0-0: SINGLE (Groundball, 6M) (infield hit)
Warner Robinson scores
Todd Sentell to third
José Valéncia to second
Batting: SHB José Juárez 0-0: Ball
1-0: Ball
2-0: Ball
3-0: Called Strike
3-1: Fly out, F8 (Flyball, 8RD)
Runner from 3rd tags up, SCORES, no throw
Batting: RHB Félix Ramos 0-0: Ball
1-0: Ball
2-0: Ball
3-0: Called Strike
3-1: Fly out, F7 (Flyball, 7LMF)
Batting: RHB Roberto De La Cruz 0-0: Called Strike
0-1: Called Strike
0-2: Ball
1-2: Fielders Choice at 2nd, 5-4 (Groundball, 56)
Top of the 7th over - 2 run(s), 4 hit(s), 0 error(s), 1 left on base; Casper 14 - Glendale 7
BOTTOM OF THE 7TH
Glendale Herons batting - Pitching for Casper Ghosts : RHP Júlio Vázquez
Batting: SHB Glyn Bolasky 0-0: Ball
1-0: Swinging Strike
1-1: Ball
2-1: Foul Ball, location: 2F
2-2: DOUBLE (Flyball, 8LXD)
Batting: RHB Ed St. James 0-0: Ball
1-0: Swinging Strike
1-1: Ball
2-1: TRIPLE (Line Drive, 9LS)
Glyn Bolasky scores
Batting: SHB Jesús Herrera 0-0: Ball
1-0: Ball
2-0: Foul Ball, location: 2F
2-1: Swinging Strike
2-2: Foul Ball, location: 2F
2-2: Ball
3-2: Base on Balls
Batting: RHB Arsenio Laurel 0-0: Ball
1-0: Ball
2-0: Fly out, F8 (Line Drive, 8LM)
Runner from 3rd tags up, SCORES, no throw
Batting: RHB Ramón Hernández 0-0: Foul Ball, location: 2F
0-1: Ball
1-1: Swinging Strike
1-2: Foul Ball, location: 2F
1-2: Ball
2-2: Strikes out swinging
Batting: RHB Christian Turner 0-0: Called Strike
Jesús Herrera steals 2nd base
0-1: Fly out, F8 (Line Drive, 89D)
Bottom of the 7th over - 2 run(s), 2 hit(s), 0 error(s), 1 left on base; Casper 14 - Glendale 9
TOP OF THE 8TH
Casper Ghosts batting - Pitching for Glendale Herons : RHP David Davis
Pitching: RHP Guang Wen
Batting: RHB Henry Appleby 0-0: Ground out 5-3 (Groundball, 56)
Batting: RHB Ron Coffman 0-0: Ball
1-0: Foul Ball, location: 2F
1-1: Fly out, F7 (Flyball, 78S)
Batting: RHB Warner Robinson 0-0: Called Strike
0-1: Ball
1-1: Ball
2-1: Ball
3-1: Base on Balls
Batting: RHB Todd Sentell 0-0: Ball
Wild Pitch!
Warner Robinson to second
1-0: SINGLE (Flyball, 89S)
Warner Robinson to third
Runner from 3rd tries for Home, SAFE, throw made home
Batting: LHB José Valéncia 0-0: Ball
1-0: Called Strike
1-1: Foul Ball, location: 2F
1-2: Strikes out swinging
Top of the 8th over - 1 run(s), 1 hit(s), 0 error(s), 1 left on base; Casper 15 - Glendale 9
BOTTOM OF THE 8TH
Glendale Herons batting - Pitching for Casper Ghosts : RHP Júlio Vázquez
Batting: SHB Raúl Duarte 0-0: Foul Ball, location: 2F
0-1: Ball
1-1: Ball
2-1: Ball
3-1: Foul Ball, location: 2F
3-2: Ground out 4-3 (Groundball, 4)
Batting: RHB Santiago Ramos 0-0: Ball
1-0: Ball
2-0: Called Strike
2-1: Ball
3-1: Foul Ball, location: 2F
3-2: Base on Balls
Batting: RHB James Pike 0-0: SINGLE (Flyball, 9S)
Santiago Ramos to second
Runner from 2nd tries for 3rd, SAFE, throw made to third
Batting: SHB Glyn Bolasky 0-0: Fly out, F9 (Flyball, 9)
Runner from 3rd tags up, SCORES, throw made
Pitching: RHP Anthony Snyder
Batting: RHB Ed St. James 0-0: Ball
1-0: Ball
2-0: Ball
3-0: Called Strike
3-1: Foul Ball, location: 2F
3-2: Fly out, F5 (Line Drive, 5)
Bottom of the 8th over - 1 run(s), 1 hit(s), 0 error(s), 1 left on base; Casper 15 - Glendale 10
TOP OF THE 9TH
Casper Ghosts batting - Pitching for Glendale Herons : RHP Guang Wen
Batting: RHB Manny Maltby 0-0: Called Strike
0-1: Ball
1-1: Ground out 3-1 (Groundball, 34)
Batting: SHB José Juárez 0-0: Ball
1-0: Ball
2-0: Called Strike
2-1: Ball
3-1: Foul Ball, location: 2F
3-2: Fly out, F7 (Flyball, 7S)
Batting: RHB Félix Ramos 0-0: Called Strike
0-1: Foul Ball, location: 2F
0-2: Ball
1-2: Foul Ball, location: 2F
1-2: Ground out 5-3 (Groundball, 56S)
Top of the 9th over - 0 run(s), 0 hit(s), 0 error(s), 0 left on base; Casper 15 - Glendale 10
BOTTOM OF THE 9TH
Glendale Herons batting - Pitching for Casper Ghosts : RHP Anthony Snyder
Batting: SHB Jesús Herrera 0-0: Ball
1-0: Ball
2-0: Called Strike
2-1: Swinging Strike
2-2: Ground out U3 (Groundball, 34)
Batting: RHB Arsenio Laurel 0-0: Foul Ball, location: 2F
0-1: Swinging Strike
0-2: Foul Ball, location: 2F
0-2: DOUBLE (Flyball, 89M)
Batting: RHB Ramón Hernández 0-0: Ball
1-0: Ball
2-0: Ball
3-0: Called Strike
3-1: Fly out, F3 (Flyball, 3D)
Batting: RHB Christian Turner 0-0: Fly out, F9 (Line Drive, 89M)
Bottom of the 9th over - 0 run(s), 1 hit(s), 0 error(s), 1 left on base; Casper 15 - Glendale 10
Saturday, May 26th, 2018 - OOTP Baseball 17.12 Build 75